Map: Automaton LE

Players

Piroxiljin

  • Race: Terran Terran
  • Spawn Location: 9:00

A.I. 1 (Harder) - Winner!

  • Race: Protoss Protoss
  • Spawn Location: 3:00

VOD

Have the link to the VOD?

Description

Time

  • Played on: Jan. 31, 2019, 11:46 a.m.
  • Length: 19:26
Show
View Real Time Build Order
Export as new Build Order

Piroxiljin Terran 

Build Orders:  

Get SALT Encoding   

  12  0:02  SCV  
  13  0:14  SCV  
  14  0:25  Supply Depot  
  14  0:27  SCV  
  15  0:47  SCV  
  16  0:52  Barracks  
  16  0:59  SCV  
  16  1:03  Refinery  
  17  1:11  SCV  
  18  1:23  SCV  
  19  1:35  SCV  
  20  1:58  Marine  
  21  2:04  Supply Depot  
  21  2:06  SCV  
  22  2:15  Refinery  
  22  2:18  SCV  
  23  2:25  Reaper  
  24  2:30  SCV  
  24  2:33  Barracks  
  25  2:42  SCV  
  25  2:55  Orbital Command  
  25  2:58  Reaper  
  26  3:33  Barracks Tech Lab  
  26  3:35  Barracks Reactor, Command Center  
  26  3:55  Marauder  
  28  4:01  Concussive Shells  
  28  4:10  Barracks  
  28  4:16  Marauder  
  30  4:20  Supply Depot x2  
  30  4:23  Supply Depot  
  28  4:53  Marauder  
  30  5:08  Marine  
  30  5:09  Marine  
  30  5:13  Barracks Tech Lab  
  32  5:14  Marauder  
  32  5:16  Factory  
  34  5:21  SCV  
  34  5:26  Marine x2  
  37  5:33  SCV  
  37  5:35  Combat Shield  
  38  5:39  Marauder x2  
  42  5:45  SCV  
  42  5:46  Marine  
  42  5:47  Marine  
  45  5:58  SCV  
  45  6:00  Marine  
  45  6:03  Hellion  
  45  6:10  SCV  
  46  6:18  Marauder  
  48  6:25  Marine x2  
  49  6:39  Marine  
  49  6:44  SCV  
  50  6:54  Barracks Tech Lab  
  50  6:56  SCV  
  51  7:08  SCV  
  52  7:12  SCV  
  52  7:13  Engineering Bay, Marine  
  52  7:14  Marine  
  52  7:15  Marauder x2  
  59  7:20  SCV  
  60  7:24  SCV  
  60  7:25  Cyclone  
  60  7:28  Factory  
  64  7:36  SCV  
  65  7:41  SCV  
  66  7:46  Refinery  
  66  7:48  SCV  
  66  7:49  Refinery, Command Center  
  67  7:54  SCV, Missile Turret  
  67  7:57  Terran Infantry Armor Level 1  
  68  8:05  Armory  
  68  8:06  SCV  
  68  8:09  Cyclone  
  68  8:12  Supply Depot  
  66  8:14  Missile Turret  
  66  8:18  SCV  
  56  8:30  SCV  
  57  8:41  Siege Tank  
  60  8:48  Missile Turret  
  60  8:52  Armory  
  60  8:57  Factory Tech Lab  
  60  9:07  Marauder  
  60  9:08  Missile Turret  
  62  9:12  Barracks Tech Lab  
  62  9:14  Siege Tank  
  65  9:26  SCV  
  65  9:28  Marauder  
  65  9:33  Missile Turret  
  65  9:34  Missile Turret  
  65  9:36  Missile Turret  
  65  9:38  SCV  
  52  9:46  Siege Tank  
  52  9:49  Marauder  
  52  9:50  SCV  
  50  9:55  Marine  
  50  9:58  Marine x2  
  47  10:01  Cyclone  
  49  10:13  Marine  
  47  10:16  Marine  
  47  10:18  Siege Tank  
  38  10:31  SCV, Marine  
  38  10:32  Factory  
  38  10:33  Siege Tank  
  40  10:38  Marine x2  
  38  10:43  SCV  
  39  10:50  Siege Tank  
  39  10:55  SCV  
  33  11:05  Siege Tank  
  33  11:07  SCV  
  33  11:19  SCV  
  34  11:28  Hellbat  
  33  11:33  Factory  
  30  11:50  Hellbat  
  32  12:05  Supply Depot  
  32  12:07  Supply Depot  
  32  12:09  Supply Depot  
  32  12:11  Hellbat  
  32  12:14  SCV  
  34  12:26  SCV  
  34  12:29  Supply Depot  
  35  12:34  Factory Tech Lab  
  35  12:38  SCV  
  36  12:50  SCV  
  36  12:53  Cyclone  
  36  12:57  Factory Tech Lab  
  36  12:58  Factory Tech Lab  
  39  13:02  SCV  
  40  13:08  Engineering Bay  
  40  13:12  SCV  
  41  13:14  SCV  
  41  13:24  SCV  
  41  13:26  Cyclone  
  32  13:36  SCV  
  25  13:58  Cyclone  
  28  14:28  Factory Tech Lab  
  28  14:40  Command Center  
  28  14:57  Command Center  
  28  14:58  Supply Depot  
  28  14:59  Supply Depot  
  16  15:30  SCV  
  17  15:35  Refinery  
  17  15:37  Refinery  
  17  16:07  Supply Depot  
  17  16:09  SCV, Cyclone  
  21  16:18  SCV  
  22  16:21  SCV  
  23  16:30  SCV  
  24  16:33  SCV  
  25  16:41  Cyclone  
  25  16:42  SCV, Barracks  
  25  16:45  SCV  
  30  16:54  SCV  
  30  16:57  SCV  
  31  17:02  Supply Depot  
  31  17:06  SCV  
  32  17:09  SCV  
  32  17:13  Cyclone  
  36  17:18  SCV  
  36  17:21  SCV  
  38  17:30  SCV  
  38  17:33  SCV  
  38  17:34  Factory  
  41  17:43  SCV  
  42  17:45  Cyclone  
  42  17:46  SCV  
  44  18:07  Command Center  
  44  18:18  Engineering Bay  
  35  18:27  Supply Depot  
  27  18:49  SCV, Cyclone  
  27  18:50  Supply Depot  
  30  19:01  SCV  
  31  19:13  SCV  
Show
View Real Time Build Order
Export as new Build Order

A.I. 1 (Harder) Protoss - Winner!

Build Orders:  

Get SALT Encoding   

  12  0:00  Probe  
  13  0:13  Probe  
  14  0:21  Pylon  
  14  0:25  Probe  
  15  0:35  Probe  
  16  0:43  Probe  
  17  0:50  Assimilator  
  17  0:51  Gateway  
  17  0:52  Probe  
  18  1:00  Probe  
  18  1:02  Pylon  
  19  1:24  Probe  
  20  1:38  Zealot  
  22  1:40  Cybernetics Core  
  22  1:45  Gateway  
  22  1:50  Assimilator  
  22  2:04  Pylon  
  22  2:13  Adept  
  22  2:19  Warp Gate  
  24  2:32  Adept  
  26  2:43  Adept  
  28  2:52  Pylon  
  28  2:54  Zealot  
  30  3:10  Probe  
  31  3:13  Adept  
  31  3:19  Adept  
  33  3:22  Probe  
  33  3:26  Pylon  
  36  3:34  Probe  
  37  3:41  Forge  
  37  3:43  Adept  
  37  3:46  Probe  
  40  3:49  Stalker  
  42  3:58  Probe  
  43  4:06  Probe  
  44  4:20  Adept  
  46  4:34  Protoss Ground Weapons Level 1  
  46  4:43  Probe  
  46  4:44  Sentry  
  48  4:46  Gateway  
  48  4:49  Pylon  
  48  4:51  Stalker  
  50  5:06  Stalker  
  52  5:14  Stalker  
  52  5:17  Pylon  
  52  5:18  Robotics Facility  
  54  5:29  Stalker  
  56  5:37  Stalker  
  56  5:38  Photon Cannon  
  58  5:44  Twilight Council  
  58  5:45  Sentry  
  54  6:05  Adept  
  54  6:06  Observer  
  53  6:13  Zealot  
  53  6:20  Nexus  
  53  6:21  Adept  
  53  6:23  Protoss Ground Armor Level 1  
  53  6:25  Blink  
  55  6:27  Observer  
  56  6:39  Adept  
  58  6:47  Stalker  
  60  6:57  Photon Cannon  
  60  7:07  Stargate  
  60  7:16  Forge  
  60  7:30  Probe  
  60  7:33  Probe  
  62  7:38  Probe  
  62  7:40  Pylon x2  
  63  7:45  Probe  
  63  7:48  Probe  
  65  7:58  Probe  
  66  8:00  Probe  
  66  8:01  Photon Cannon  
  67  8:10  Photon Cannon, Probe  
  67  8:12  Probe  
  67  8:18  Stalker  
  69  8:22  Probe  
  69  8:24  Probe  
  72  8:34  Probe  
  72  8:36  Probe  
  73  8:46  Probe  
  74  8:53  Gateway  
  74  8:54  Void Ray  
  74  8:55  Robotics Facility  
  78  8:59  Stargate  
  78  9:05  Stalker x2  
  78  9:07  Warp Prism  
  78  9:12  Nexus  
  80  9:36  Zealot  
  82  9:42  Observer  
  82  9:43  Warp Prism  
  82  9:45  Gateway  
  79  9:50  Zealot  
  79  9:52  Stargate  
  81  9:55  Adept  
  81  9:59  Adept  
  85  10:03  Protoss Ground Weapons Level 2, Adept, Warp Prism  
  85  10:06  Void Ray  
  89  10:08  Adept  
  91  10:14  Pylon  
  95  10:25  Probe  
  95  10:26  Probe  
  97  10:29  Probe  
  97  10:35  Protoss Ground Armor Level 2  
  98  10:37  Probe  
  98  10:38  Probe  
  98  10:41  Probe  
  101  10:49  Probe  
  102  10:50  Probe  
  102  10:53  Probe  
  104  11:01  Probe  
  104  11:03  Assimilator, Probe  
  106  11:05  Probe  
  106  11:06  Assimilator  
  107  11:13  Probe  
  107  11:15  Probe  
  107  11:17  Probe  
  110  11:24  Probe  
  110  11:25  Pylon, Probe x2  
  113  11:35  Probe  
  113  11:37  Probe  
  115  11:40  Assimilator  
  115  11:42  Assimilator  
  115  11:56  Robotics Bay  
  115  12:02  Pylon  
  115  12:06  Pylon  
  115  12:09  Protoss Shields Level 1  
  115  12:33  Colossus  
  115  12:43  Gravitic Boosters  
  115  12:46  Fleet Beacon  
  115  12:49  Stalker  
  123  12:53  Colossus  
  129  13:00  Pylon  
  129  13:16  Void Ray  
  129  13:24  Pylon  
  129  13:29  Tempest  
  129  13:33  Tempest  
  139  13:34  Protoss Air Weapons Level 1  
  139  13:40  Gravitic Drive  
  139  13:46  Protoss Shields Level 2  
  139  14:08  Photon Cannon  
  139  14:11  Photon Cannon  
  139  14:13  Resonating Glaives  
  139  14:17  Protoss Ground Weapons Level 3  
  139  14:26  Extended Thermal Lance  
  139  15:09  Stalker  
  139  15:13  Stalker  
  139  15:28  Protoss Air Armor Level 1  
  139  15:52  Protoss Ground Armor Level 3  
  139  15:58  Disruptor  
  142  16:08  Immortal  
  146  16:14  Pylon  
  146  16:19  Carrier  
  146  16:24  Immortal  
  156  16:46  Pylon, Disruptor  
  156  16:53  Disruptor  
  159  16:57  Carrier  
  168  17:09  Pylon  
  168  17:20  Disruptor  
  171  17:35  Pylon  
  171  17:36  Void Ray  
Tags
 
Matchup
PvT
Spawn Locations
Cross Positions
Add a new tag
Caveats
  • Supply blocks, unpowered buildings, or Contaminate may cause inaccurate times.
  • Supply counts are checked every 10 seconds.